 Dungeon Crawl Stone Soup version 0.19.0-19-g8c6edcc (webtiles) character file.

175721 Krapule the Unseen (level 17, -1/72 HPs)
             Began as a Spriggan Enchanter on Nov 15, 2016.
             Was the Champion of Hepliaklqana.
             Shot with a bolt by a naga sharpshooter (20 damage)
             ... on level 4 of the Snake Pit.
             The game lasted 04:48:18 (44765 turns).

Krapule the Unseen (Spriggan Enchanter)            Turns: 44765, Time: 04:48:19

Health: -1/72      AC: 11    Str:  4    XL:     17   Next: 48%
Magic:  0/32       EV: 33    Int: 26    God:    Hepliaklqana [******]
Gold:   106        SH:  8    Dex: 18    Spells: 11 memorised, 3 levels left

rFire  + . .     SeeInvis +     a - +2 dagger "Giuday" {pierce, rElec Int+5 Dex-3}
rCold  . . .     Gourm    .     z - +5 robe "Muosmoxu" {rF+ Str-3 Int+2}
rNeg   . . .     Faith    .     W - +0 buckler
rPois  +         Spirit   +     x - +2 hat {Spirit}
rElec  +         Reflect  .     D - +1 cloak {rPois}
rCorr  .         Harm     .     (gloves unavailable)
MR     ++...     Clarity  +     (boots unavailable)
Stlth  +++++++...               Q - amulet of rage
                                S - +3 ring of dexterity
                                R - ring "Utsenauh" {+Fly rElec Slay+3}

@: lethally poisoned (-1 -> -3), very quick
A: unfitting armour, reduced essence, hooves 1, see invisible, clarity,
herbivore 3, speed 3, slow metabolism 2
a: Recall Ancestor, Ancestor Identity, Transference, Idealise, Renounce
Religion, Evoke Berserk Rage, Evoke Flight


You were on level 4 of the Snake Pit.
You worshipped Hepliaklqana.
Hepliaklqana was exalted by your worship.
You were not hungry.

You visited 7 branches of the dungeon, and saw 32 of its levels.
You also visited: Labyrinth.

You collected 3267 gold pieces.
You spent 3161 gold pieces at shops.

Inventory:

Hand Weapons
 a - the +2 dagger "Giuday" (weapon) {pierce, rElec Int+5 Dex-3}
   (You found it on level 11 of the Dungeon)

   It inflicts extra damage upon your enemies.
   It affects your intelligence (+5).
   It affects your dexterity (-3).
   It insulates you from electricity.
 U - a +9 quick blade
Missiles
 Y - a throwing net (quivered)
Armour
 p - a +2 robe of magic resistance
 x - a +2 hat of spirit shield (worn)
 z - the +5 robe "Muosmoxu" (worn) {rF+ Str-3 Int+2}
   (You found it on level 8 of the Dungeon)

   It affects your strength (-3).
   It affects your intelligence (+2).
   It protects you from fire.
 D - a +1 cloak of poison resistance (worn)
 W - a +0 buckler (worn)
Rods
 b - a +2 rod of clouds (12/12)
   (You found it in a labyrinth)
Jewellery
 c - an uncursed ring of wizardry
 B - an uncursed ring of protection from magic
 Q - an amulet of rage (around neck)
 R - the ring "Utsenauh" (left hand) {+Fly rElec Slay+3}
   (You found it in a labyrinth)

   [ring of flight]

   It affects your accuracy and damage with ranged weapons and melee attacks
   (+3).
   It insulates you from electricity.
   It lets you fly.
 S - a +3 ring of dexterity (right hand)
Wands
 n - a wand of disintegration (10/24)
 r - a wand of teleportation (7/9)
 v - a wand of iceblast (1/15)
 C - a wand of lightning (10/15)
 X - a wand of iceblast (11/15)
Scrolls
 e - 4 scrolls of blinking
 f - 3 scrolls of magic mapping
 h - 2 scrolls of immolation
 l - 11 scrolls of teleportation
 s - 13 scrolls of remove curse
 t - 3 scrolls of fear
 F - a scroll of silence
 K - 4 scrolls of fog
Potions
 g - 14 potions of curing
 i - 5 potions of agility
 k - 6 potions of might
 m - 10 potions of lignification
 q - 4 potions of magic
 u - 3 potions of cancellation
 A - 5 potions of resistance
 I - 3 potions of berserk rage
 L - 4 potions of brilliance
 N - 4 potions of flight
 O - 4 potions of haste
 P - a potion of heal wounds
 Z - 3 potions of invisibility
Books
 w - a book of Dreams

   Spells                             Type                      Level
   a - Ensorcelled Hibernation        Hexes/Ice                    2
   b - Silence                        Hexes/Air                    5
   c - Darkness                       Hexes                        6
   d - Shadow Creatures               Summoning                    6
 y - Kakiclie's Volume of Beguiling
   (You found it on level 4 of the Snake Pit)

   Spells                             Type                      Level
   a - Ensorcelled Hibernation        Hexes/Ice                    2
   b - Leda's Liquefaction            Hexes/Earth                  4
   c - Cause Fear                     Hexes                        4
Miscellaneous
 j - a phantom mirror
 M - a phial of floods
 V - a crystal ball of energy
Comestibles
 d - 18 bread rations
 o - 13 royal jellies
 G - 6 fruits


   Skills:
 - Level 5.0 Fighting
 + Level 13.8 Short Blades
 + Level 17.7 Dodging
 + Level 18.5 Stealth
 + Level 5.3 Shields
 - Level 10.0 Spellcasting
 + Level 5.8 Conjurations
 + Level 12.1 Hexes
 - Level 6.0 Translocations
 - Level 6.0 Air Magic
 - Level 8.0 Poison Magic
 - Level 10.0 Invocations
 + Level 7.2 Evocations


You had 3 spell levels left.
You knew the following spells:

 Your Spells              Type           Power        Failure   Level  Hunger
a - Ensorcelled Hibernat  Hex/Ice        #####.       1%          2    None
b - Corona                Hex            ######.      1%          1    None
d - Mephitic Cloud        Conj/Pois/Air  #####...     1%          3    None
e - Tukima's Dance        Hex            ######..     1%          3    None
f - Venom Bolt            Conj/Pois      #####.....   12%         5    ####...
q - Blink                 Tloc           N/A          1%          2    None
r - Darkness              Hex            ######....   6%          6    #####..
s - Dazzling Spray        Conj/Hex       ######       1%          3    None
w - Repel Missiles        Chrm/Air       ####..       1%          2    None
x - Regeneration          Chrm/Necr      ##........   17%         3    None
z - Confuse               Hex            ######..     1%          3    None


Dungeon Overview and Level Annotations

Branches:
Dungeon (14/15)            Temple (1/1) D:6            Lair (6/6) D:10
  Swamp (4/4) Lair:4        Snake (4/4) Lair:2        Slime (0/5) Lair:5
    Orc (2/2) D:9             Elf (1/3) Orc:2        Vaults (0/5) D:14

Altars:
Ashenzari
Cheibriados
Dithmenos
Elyvilon
Fedhas
Gozag
Hepliaklqana
Kikubaaqudgha
Makhleb
Nemelex Xobeh
Okawaru
Qazlal
Ru
Sif Muna
Trog
Uskayaw
Vehumet
Xom
Yredelemnul
Zin
The Shining One
Beogh
Jiyva

Shops:
D:13 [   Orc:2 ![*}   Snake:3 ![(?

Annotations:
Snake:3 Bai Suzhen


Innate Abilities, Weirdness & Mutations

You are very small and have problems with some larger weapons.
You are too small for most types of armour.
You have supernaturally acute eyesight. (SInv)
You are a herbivore.
You cover ground extremely quickly.
You need consume almost no food.
Your life essence is reduced. (-10% HP)
You have large cloven feet.
You possess an exceptional clarity of mind.


Message History

You are poisoned.
You resist.
Casting: Ensorcelled Hibernation
Confirm with . or Enter, or press ? or * to list all spells.
Aiming: Ensorcelled Hibernation
Press: ? - help, Shift-Dir - straight line, f/p - naga sharpshooter
Aim: a naga sharpshooter, wielding an arbalest (catching its breath, chance to defeat MR: 19%)
The naga sharpshooter resists with almost no effort.
You feel sick.
Funestine hits the naga sharpshooter with a dagger of draining.
The naga sharpshooter unwields an uncursed shortbow.
The naga sharpshooter wields an uncursed mace.
The naga sharpshooter completely misses you.
You block the naga sharpshooter's attack.
The naga sharpshooter shoots a bolt.
The bolt hits you!!
* * * LOW HITPOINT WARNING * * *
Funestine casts a spell at the naga sharpshooter.
The naga sharpshooter resists with almost no effort.
The naga sharpshooter shoots a bolt.
The bolt hits you!!
You die...

##≈.≈≈♣♣≈≈≈≈)........♣≈≈..##
..≈≈♣≈♣≈♣♣≈≈≈......)♣≈≈≈♣.##
#.≈≈♣≈≈≈≈≈♣≈≈.).)...≈PP≈≈..##
#.≈≈♣≈≈≈≈≈≈♣≈[.....♣≈≈≈≈P...#
#≈≈≈≈...#≈((≈÷[)...♣≈≈P≈≈...#
#.≈≈≈..##≈≈(≈≈≈....♣≈≈≈≈≈...♣#
#≈P≈....##≈≈♣P≈....P≈≈≈≈≈...≈♣#
.≈♣).##.#.)≈≈≈P)..P≈≈≈≈≈...≈≈P♣
#.[≈P##.#.≈≈≈≈≈≈@♣≈≈≈≈≈P....≈≈♣
#.≈≈≈.(().†≈(≈N.)♣≈P≈P≈≈..[.≈≈♣
#PPP#####..÷R.(P#♣♣≈≈≈≈≈≈..≈≈♣♣
###### #.÷.([###♣≈≈≈P≈≈..(≈≈♣♣
##...## ##)).[.##♣P≈≈≈P.≈..≈P≈♣
#..<÷.#####N.....♣≈≈≈P≈≈..≈PP≈♣
............####..≈♣♣≈≈≈...P≈♣♣
.....##''##.# #.....≈P≈..≈≈♣♣
....##.. ### #..(...≈♣..≈♣≈#


You could see the friendly Funestine the hexer and 2 naga sharpshooters.

Vanquished Creatures
  Saint Roka (Snake:2)
  Rupert (D:12)
  Frances (D:14)
  Gastronok (D:11)
  Kirke (D:14)
  2 nagarajas
  Aizul (Snake:3)
  Nessos (D:13)
  A minotaur (Lab)
  Josephine (D:13)
  2 fire dragons (Lair:6)
  The ghost of markt42 the Severer, a journeyman HOFi of Okawaru (Lair:2)
  7 hydras
  The ghost of lorenzova the Fighter, a journeyman MfGl of Yredelemnul (Lair:2)
  5 naga warriors
  A ghost crab (Swamp:3)
  A death knight (D:11)
  4 centaur warriors
  7 anacondas
  4 death yaks (Lair:6)
  3 alligators
  A hell hog (shapeshifter) (D:14)
  7 naga sharpshooters
  6 orc high priests (Orc:2)
  Urug (D:10)
  2 tengu warriors (D:13)
  The ghost of Uhlv the Nimble, a novice HaBe of Trog (D:8)
  4 shock serpents
  2 salamander mystics (Snake:4)
  An iron troll (D:14)
  9 sea snakes
  2 swamp dragons
  4 naga ritualists
  3 unseen horrors
  A lindwurm (Lair:6)
  4 hill giants
  2 orc knights (Orc:2)
  A deep elf archer (Elf:1)
  7 mana vipers
  A necromancer (Lair:6)
  A manticore (Lair:5)
  2 orc sorcerers
  An ugly thing (D:13)
  4 cyclopes
  7 salamanders
  11 elephants
  2 guardian serpents (Snake:4)
  35 black mambas
  11 naga magi
  A black mamba (shapeshifter) (D:14)
  9 spiny frogs
  6 torpor snails (Lair:6)
  A kobold demonologist (D:11)
  4 rime drakes (Lair:6)
  6 komodo dragons
  A queen bee (Lair:3)
  6 trolls
  2 polar bears
  3 two-headed ogres
  A bog body (Swamp:1)
  2 meliai (D:13)
  6 tyrant leeches
  10 hornets
  8 hippogriffs
  15 slime creatures
  6 dream sheep (Lair:6)
  18 blink frogs
  A shadow (Swamp:1)
  2 wyverns
  5 spriggans
  8 wraiths
  48 yaks
  2 hogs (D:14)
  2 basilisks
  A steam dragon (Lair:6)
  2 hungry ghosts
  Menkaure (D:5)
  The ghost of OvidiusNaso the Shooter, an amateur HEHu (D:4)
  17 vampire mosquitoes
  24 nagas
  14 swamp worms
  7 wargs (Orc:2)
  A soldier ant (D:13)
  5 insubstantial wisps (Swamp:1)
  3 mottled dragons (Lair:6)
  Duvessa (D:7)
  4 porcupines
  5 water moccasins
  A swamp drake (Swamp:1)
  4 ice beasts
  16 orc warriors
  4 black bears
  3 phantoms
  4 sky beasts
  7 ogres
  13 wolves
  12 crocodiles
  2 necrophages
  10 centaurs
  2 big kobolds
  13 bullfrogs
  A wyvern zombie (D:10)
  Dowan (D:7)
  5 scorpions
  A water moccasin skeleton (D:7)
  28 killer bees
  7 wights
  4 howler monkeys
  3 centaur zombies
  A crimson imp (D:12)
  A quasit (D:8)
  2 bullfrog zombies
  4 jellies
  6 hounds
  Crazy Yiuf (D:5)
  A bullfrog skeleton (D:8)
  32 orc priests
  23 orc wizards
  13 centaur skeletons
  A hexer (D:8)
  11 worker ants
  6 iguanas
  2 polar bear simulacra (Lair:6)
  5 wolf simulacra (Lair:6)
  A hound skeleton (D:9)
  A hound zombie (D:6)
  6 gnolls
  9 adders
  7 shadow imps
  3 oozes (Lair:5)
  2 dart slugs
  3 leopard geckos
  55 orcs
  3 ball pythons
  3 giant cockroaches
  6 goblins
  11 hobgoblins
  A jackal (D:8)
  10 bats
  5 frilled lizards
  11 kobolds
  A quokka skeleton (D:4)
  19 rats
  3 river rat simulacra (Lair:6)
  4 fungi
  A plant (Snake:4)
854 creatures vanquished.

Vanquished Creatures (collateral kills)
  2 naga warriors
  A tengu warrior (D:11)
  A death yak (Lair:6)
  A naga sharpshooter (Snake:4)
  Sonja (D:13)
  2 orc high priests (Orc:2)
  2 naga ritualists (Snake:4)
  3 hill giants
  2 mana vipers
  5 elephants
  A salamander (Snake:1)
  A black mamba (Lair:2)
  4 naga magi
  2 hornets
  A tyrant leech (Swamp:3)
  A two-headed ogre (Orc:2)
  A blink frog (Lair:4)
  A hippogriff (D:12)
  A dream sheep (Lair:6)
  A wraith (D:13)
  2 spriggans (Swamp:2)
  3 yaks
  A hog (D:14)
  A basilisk (Lair:6)
  2 vampire mosquitoes (Swamp:1)
  17 nagas
  3 insubstantial wisps
  A water moccasin (Lair:5)
  A porcupine (Lair:5)
  3 orc warriors (Orc:2)
  A sky beast (D:9)
  2 wolves
  4 ogres
  2 bullfrogs
  4 killer bees
  18 wights
  7 orc priests
  A centaur skeleton (D:9)
  3 orc wizards
  A polar bear simulacrum (Lair:6)
  An adder (D:10)
  2 river rats (D:10)
  20 orcs
  3 bats (D:10)
  3 jackals (D:6)
  2 rats (D:10)
  A plant (Snake:4)
143 creatures vanquished.

Vanquished Creatures (others)
  A meliai (D:13)
  A human (D:14)
  22 dancing weapons
  23 hexers
  2 briar patches (Swamp:3)
  12 fungi
  63 plants
  8 toadstools (Swamp:3)
132 creatures vanquished.

Grand Total: 1129 creatures vanquished

Notes
Turn   | Place    | Note
-------+----------+-------------------------------------------
     0 | D:1      | Krapule the Spriggan Enchanter began the quest for the Orb.
     0 | D:1      | Reached XP level 1. HP: 9/9 MP: 5/5
   235 | D:1      | Reached XP level 2. HP: 13/13 MP: 6/6
   996 | D:2      | Reached XP level 3. HP: 7/16 MP: 6/8
  1297 | D:2      | Learned a level 3 spell: Confuse
  1482 | D:2      | Reached skill level 5 in Stealth
  1849 | D:2      | Found a burning altar of Makhleb.
  2162 | D:2      | Reached XP level 4. HP: 15/21 MP: 2/9
  2918 | D:3      | Reached skill level 1 in Fighting
  3227 | D:4      | Reached XP level 5. HP: 25/25 MP: 11/11
  3257 | D:3      | Learned a level 3 spell: Tukima's Dance
  3606 | D:4      | Reached skill level 6 in Stealth
  3607 | D:4      | Noticed OvidiusNaso's ghost (amateur HEHu)
  3907 | D:4      | Found a hide-covered altar of Uskayaw.
  3907 | D:4      | Noticed a dagger
  3907 | D:4      | Noticed a dagger
  4039 | D:4      | Reached XP level 6. HP: 28/30 MP: 1/12
  4057 | D:5      | Entered Level 5 of the Dungeon
  4208 | D:4      | Reached skill level 5 in Dodging
  4208 | D:4      | Reached skill level 5 in Hexes
  5000 | D:4      | Killed OvidiusNaso's ghost
  5000 | D:4      | Reached XP level 7. HP: 29/35 MP: 1/14
  5373 | D:5      | Reached skill level 7 in Stealth
  5382 | D:5      | Noticed Menkaure
  5632 | D:5      | Reached skill level 5 in Spellcasting
  5650 | D:5      | Noticed a hippogriff
  5671 | D:5      | Killed a hippogriff
  5671 | D:5      | Reached XP level 8. HP: 39/39 MP: 9/17
  6556 | D:5      | Reached skill level 8 in Stealth
  6867 | D:5      | Killed Menkaure
  6903 | D:6      | Reached skill level 5 in Short Blades
  6913 | D:6      | HP: 2/40 [centaur/arrow (7)]
  7523 | D:5      | Found a runed door.
  7527 | D:5      | Noticed Crazy Yiuf
  7531 | D:5      | Killed Crazy Yiuf
  7719 | D:6      | Found a staircase to the Ecumenical Temple.
  7766 | Temple   | Entered the Ecumenical Temple
  7811 | Temple   | Became a worshipper of Hepliaklqana the Forgotten
  7820 | D:6      | Found a basalt altar of Yredelemnul.
  7894 | D:6      | Reached skill level 1 in Invocations
  7916 | D:6      | Reached XP level 9. HP: 39/39 MP: 6/19
  8021 | D:6      | Found an iron altar of Okawaru.
  8238 | D:7      | Reached skill level 9 in Stealth
  8551 | D:7      | Reached * piety under Hepliaklqana
  8556 | D:7      | Found a glowing silver altar of Zin.
  8871 | D:7      | Learned a level 3 spell: Dazzling Spray
  8980 | D:7      | Noticed Duvessa
  8984 | D:7      | Noticed Dowan
  9007 | D:7      | Killed Dowan
  9054 | D:7      | Killed Duvessa
  9864 | D:8      | Got a silken robe
  9875 | D:8      | Identified the +5 robe "Muosmoxu" {rF+ Str-3 Int+2} (You found it on level 8 of the Dungeon)
  9997 | D:8      | Noticed Uhlv's ghost (novice HaBe)
 10069 | D:8      | Reached ** piety under Hepliaklqana
 10070 | D:8      | Remembered your ancestor Funestine as a hexer
 10140 | D:8      | Reached skill level 10 in Stealth
 10140 | D:8      | Reached skill level 1 in Conjurations
 10317 | D:8      | Learned a level 2 spell: Ensorcelled Hibernation
 10399 | D:8      | Reached XP level 10. HP: 42/44 MP: 5/22
 10686 | D:8      | Killed Uhlv's ghost
 11064 | D:9      | Noticed a hill giant
 11065 | D:9      | Found a snail-covered altar of Cheibriados.
 11069 | D:9      | Killed a hill giant
 11069 | D:9      | Reached skill level 11 in Stealth
 11256 | D:9      | Found a staircase to the Orcish Mines.
 11786 | D:9      | Found a blossoming altar of Fedhas.
 11854 | D:10     | Entered Level 10 of the Dungeon
 11881 | D:10     | Reached *** piety under Hepliaklqana
 12253 | D:10     | Noticed Urug
 12335 | D:10     | Reached skill level 10 in Dodging
 12561 | D:10     | Reached XP level 11. HP: 36/45 MP: 17/24
 12579 | D:10     | Killed Urug
 12618 | D:10     | Noticed a hill giant
 12645 | D:10     | Killed a hill giant
 12989 | D:10     | Found a staircase to the Lair.
 12995 | D:10     | Reached skill level 5 in Invocations
 13027 | Lair:1   | Entered Level 1 of the Lair of Beasts
 13027 | Lair:1   | Reached **** piety under Hepliaklqana
 13027 | Lair:1   | Noticed a seven-headed hydra
 13033 | Lair:1   | Killed a seven-headed hydra
 13154 | Lair:1   | Found a labyrinth entrance.
 13163 | Lab      | Entered a labyrinth
 13541 | Lab      | Noticed a minotaur
 13596 | Lab      | Killed a minotaur
 13596 | Lab      | Reached skill level 12 in Stealth
 13638 | Lab      | Got a scintillating marble ring
 13640 | Lab      | Identified the ring "Utsenauh" {+Fly rElec Slay+3} (You found it in a labyrinth)
 13885 | Lair:1   | Reached skill level 10 in Hexes
 14903 | Lair:2   | Reached XP level 12. HP: 49/49 MP: 22/26
 14973 | Lair:2   | Noticed markt42's ghost (journeyman HOFi)
 15006 | Lair:2   | Killed markt42's ghost
 15006 | Lair:2   | Reached skill level 13 in Stealth
 15006 | Lair:2   | Reached skill level 10 in Spellcasting
 15010 | Lair:2   | Learned a level 2 spell: Blink
 15037 | Lair:2   | Reached ***** piety under Hepliaklqana
 15097 | Lair:2   | Reached skill level 1 in Translocations
 15529 | Lair:2   | Found a staircase to the Snake Pit.
 15581 | Lair:2   | Noticed lorenzova's ghost (journeyman MfGl)
 15609 | Lair:2   | Killed lorenzova's ghost
 16829 | Lair:3   | Identified a +2 rod of clouds (12/12) (You found it in a labyrinth)
 17037 | Lair:3   | Reached skill level 10 in Short Blades
 17037 | Lair:3   | Reached XP level 13. HP: 47/54 MP: 18/28
 17042 | Lair:3   | Learned a level 3 spell: Mephitic Cloud
 18188 | Lair:4   | Found a staircase to the Swamp.
 18403 | Lair:5   | Reached skill level 1 in Air Magic
 18471 | Lair:5   | Reached ****** piety under Hepliaklqana
 18507 | Lair:5   | Reached skill level 5 in Translocations
 18515 | Lair:5   | Reached skill level 1 in Evocations
 18535 | Lair:5   | Reached skill level 14 in Stealth
 18591 | Lair:5   | Found a runed door.
 18592 | Lair:5   | Found a viscous altar of Jiyva.
 18693 | Lair:5   | Found a stormy altar of Qazlal.
 19072 | Lair:5   | Found a staircase to the Slime Pits.
 19138 | Lair:6   | Entered Level 6 of the Lair of Beasts
 19502 | Lair:6   | Reached XP level 14. HP: 48/60 MP: 19/29
 20009 | Lair:6   | Reached skill level 5 in Fighting
 20073 | Lair:6   | Found a runed door.
 20577 | Lair:6   | Reached skill level 1 in Poison Magic
 21392 | Lair:6   | HP: 3/61 [lindwurm (9)]
 23025 | Lair:6   | Reached skill level 5 in Evocations
 23263 | Lair:6   | Reached skill level 15 in Stealth
 23553 | Orc:1    | Entered Level 1 of the Orcish Mines
 23839 | Orc:2    | Entered Level 2 of the Orcish Mines
 23897 | Orc:2    | Found a staircase to the Elven Halls.
 23902 | Orc:1    | Found a roughly hewn altar of Beogh.
 24790 | Orc:2    | Found Yqadacesk's Assorted Antiques.
 24790 | Orc:2    | Found Bisojies's Gadget Boutique.
 25061 | Orc:2    | Bought a scroll of identify for 76 gold pieces
 25061 | Orc:2    | Bought a potion of curing for 114 gold pieces
 25061 | Orc:2    | Bought a fuming ruby potion for 34 gold pieces
 25723 | Orc:2    | Found a roughly hewn altar of Beogh.
 26121 | Orc:2    | Found Neng's Distillery.
 26121 | Orc:2    | Found Tuah's Antique Armour Boutique.
 26134 | Orc:2    | Bought an embroidered hat for 350 gold pieces
 26149 | Orc:2    | Bought a potion of invisibility for 104 gold pieces
 26149 | Orc:2    | Bought a potion of haste for 130 gold pieces
 26149 | Orc:2    | Bought a potion of might for 52 gold pieces
 26149 | Orc:2    | Bought a potion of beneficial mutation for 455 gold pieces
 26149 | Orc:2    | Bought a potion of curing for 39 gold pieces
 26149 | Orc:2    | Bought 2 potions of curing for 78 gold pieces
 26149 | Orc:2    | Bought a potion of resistance for 130 gold pieces
 26149 | Orc:2    | Gained mutation: You possess an exceptional clarity of mind. [potion of beneficial mutation]
 26150 | Orc:2    | Gained mutation: You have large cloven feet. [potion of beneficial mutation]
 26299 | Orc:2    | Reached XP level 15. HP: 37/64 MP: 7/30
 26717 | Orc:2    | Reached skill level 5 in Air Magic
 27092 | Elf:1    | Entered Level 1 of the Elven Halls
 27775 | D:11     | Got a slimy dagger
 27776 | D:11     | Identified the cursed +2 dagger "Giuday" {pierce, rElec Int+5 Dex-3} (You found it on level 11 of the Dungeon)
 27788 | D:11     | Noticed Gastronok
 27801 | D:11     | Killed Gastronok
 27801 | D:11     | Reached skill level 15 in Dodging
 28435 | D:12     | Noticed Rupert
 28495 | D:12     | Killed Rupert
 28646 | D:12     | Reached skill level 16 in Stealth
 29285 | D:13     | Noticed Nessos
 29292 | D:13     | Killed Nessos
 29292 | D:13     | Reached skill level 5 in Poison Magic
 29503 | D:13     | Noticed Sonja
 29504 | D:13     | Noticed Josephine
 29598 | D:13     | Killed Josephine
 29735 | D:13     | Killed Sonja
 29735 | D:13     | Reached skill level 1 in Shields
 30075 | D:13     | Found Umemob's Armour Emporium.
 30833 | D:13     | Bought a +1 cloak of poison resistance for 256 gold pieces
 31418 | D:14     | Noticed Frances
 31423 | D:14     | Killed Frances
 31423 | D:14     | Reached skill level 10 in Invocations
 31685 | D:14     | Found a shimmering altar of Xom.
 31686 | D:14     | Found a shimmering altar of Xom.
 31687 | D:14     | Found a shimmering altar of Xom.
 31688 | D:14     | Found a shimmering altar of Xom.
 31688 | D:14     | Noticed Kirke
 31804 | D:14     | Killed Kirke
 31808 | D:14     | Found a shimmering altar of Xom.
 31810 | D:14     | Found a shimmering altar of Xom.
 31889 | D:14     | Found a shimmering altar of Xom.
 32286 | D:14     | Found a gate to the Vaults.
 32572 | Swamp:1  | Entered Level 1 of the Swamp
 33058 | Swamp:1  | Reached XP level 16. HP: 68/68 MP: 19/31
 34282 | Swamp:2  | Reached skill level 5 in Conjurations
 34646 | Swamp:3  | Noticed a thorn hunter
 34703 | Swamp:3  | Noticed a thorn hunter
 34726 | Swamp:3  | Noticed a thorn hunter
 35552 | Swamp:4  | Entered Level 4 of the Swamp
 35554 | Swamp:4  | Noticed a thorn hunter
 35556 | Swamp:4  | Noticed a thorn hunter
 35761 | Snake:1  | Entered Level 1 of the Snake Pit
 36166 | Lair:2   | Reached skill level 17 in Stealth
 38191 | Snake:2  | Noticed Saint Roka
 38962 | Snake:2  | Killed Saint Roka
 39438 | Snake:3  | Noticed Bai Suzhen
 39545 | Snake:3  | Got a shimmering rapier
 39553 | Snake:3  | Identified the +6 rapier "Demonslayer" {pierce, -Tele rElec Int+4} (You found it on level 3 of the Snake Pit)
 39618 | Snake:3  | Found Jeschax's Magic Scroll Shop.
 39621 | Snake:3  | Found Uzaojah's Weapon Shop.
 39621 | Snake:3  | Found Sazuaprif's Antique Armour Boutique.
 39951 | Snake:3  | Found Muzxinn's Distillery.
 40211 | Snake:3  | Bought a potion of resistance for 160 gold pieces
 40220 | Snake:3  | Bought a scroll of remove curse for 45 gold pieces
 40220 | Snake:3  | Bought a scroll of blinking for 112 gold pieces
 40220 | Snake:3  | Bought a scroll of identify for 30 gold pieces
 40220 | Snake:3  | Bought a scroll of acquirement for 780 gold pieces
 40220 | Snake:3  | Bought a scroll of fear for 52 gold pieces
 40220 | Snake:3  | Bought a scroll of enchant weapon for 112 gold pieces
 40220 | Snake:3  | Bought a scroll of magic mapping for 52 gold pieces
 40413 | Lair:1   | Learned a level 2 spell: Repel Missiles
 40417 | Lair:1   | Learned a level 3 spell: Regeneration
 40423 | Lair:1   | Learned a level 5 spell: Venom Bolt
 40664 | Snake:3  | Noticed Aizul
 40717 | Snake:3  | Killed Aizul
 40717 | Snake:3  | Reached skill level 18 in Stealth
 40917 | Snake:4  | Entered Level 4 of the Snake Pit
 41051 | Snake:4  | Reached XP level 17. HP: 72/72 MP: 29/32
 41923 | Snake:4  | Reached skill level 5 in Shields
 43406 | Snake:4  | Identified Kakiclie's Volume of Beguiling
 43415 | Snake:4  | Learned a level 6 spell: Darkness
 44765 | Snake:4  | Shot with a bolt by a naga sharpshooter

Skill      XL: |  1  2  3  4  5  6  7  8  9 10 11 12 13 14 15 16 17 |
---------------+----------------------------------------------------+-----
Spellcasting   | 3 4 5 6 7 8 9 10 | 10.0
Hexes          | 4 5 6 7 8 9 10 11 12 | 12.1
Stealth        | 5 6 7 8 10 11 12 13 14 15 16 18 | 18.5
Dodging        | 4 5 6 7 8 10 11 12 13 14 15 17 | 17.7
Fighting       | 1 2 3 4 5 |  5.0
Short Blades   | 2 3 4 5 6 7 8 10 11 12 13 | 13.8
Invocations    | 1 3 4 6 7 8 9 10 | 10.0
Conjurations   | 1 2 3 4 5 |  5.8
Translocations | 3 5 6 |  6.0
Air Magic      | 2 4 6 |  6.0
Evocations     | 2 5 7 |  7.2
Poison Magic   | 3 6 8 |  8.0
Shields        | 2 4 5 |  5.3

Action                   |  1- 3 |  4- 6 |  7- 9 | 10-12 | 13-15 | 16-18 || total
-------------------------+-------+-------+-------+-------+-------+-------++-------
Melee: Dagger            |   144 |   220 |   299 |   804 |  1552 |   956 ||  3975
       Kick              |       |       |       |       |   184 |   244 ||   428
       Quick blade       |       |       |       |       |       |    37 ||    37
 Cast: Corona            |     5 |       |     1 |       |       |       ||     6
       Confuse           |     7 |    30 |    55 |   131 |   331 |   160 ||   714
       Tukima's Dance    |       |     3 |    14 |    22 |    55 |   110 ||   204
       Ensorcelled Hiber |       |       |       |     4 |    15 |    25 ||    44
       Dazzling Spray    |       |       |       |       |     4 |     2 ||     6
       Mephitic Cloud    |       |       |       |       |    29 |    13 ||    42
       Venom Bolt        |       |       |       |       |       |     6 ||     6
       Darkness          |       |       |       |       |       |     1 ||     1
Invok: Recall Ancestor   |       |       |     3 |     9 |    23 |     6 ||    41
       Ancestor Identity |       |       |     1 |       |       |       ||     1
       Ancestor Life: He |       |       |     1 |       |       |       ||     1
 Abil: Evoke Berserk Rag |       |       |       |       |     1 |     3 ||     4
Evoke: Wand              |       |       |       |     2 |     5 |     3 ||    10
       Rod               |       |       |       |       |     2 |     2 ||     4
       Phial of floods   |       |       |       |       |       |     1 ||     1
  Use: Scroll            |       |       |    11 |     8 |    14 |    13 ||    46
       Potion            |       |       |       |     2 |     2 |     4 ||     8
 Stab: Sleeping          |    12 |    12 |    18 |    28 |    56 |    29 ||   155
       Confused          |     4 |    14 |    42 |    92 |   186 |    93 ||   431
       Distracted        |       |       |     1 |     8 |    16 |    16 ||    41
       Paralysed         |       |       |       |       |    10 |    16 ||    26
       Invisible         |       |       |       |       |       |     1 ||     1
  Eat: Fruit             |       |     5 |       |     3 |     9 |    11 ||    28
       Pizza             |       |     1 |     1 |     1 |       |     1 ||     4
       Bread ration      |       |       |     1 |     1 |     1 |     1 ||     4
Armor: Robe              |    19 |    12 |    20 |    51 |    76 |    34 ||   212
Dodge: Dodged            |   116 |   133 |   153 |   434 |   856 |   585 ||  2277
Block: Buckler           |       |       |       |       |    58 |   215 ||   273
